 Dungeon Crawl Stone Soup version 0.24-a0-415-g6d73c25c48 (webtiles) character file.

Game seed: 4600953072139541285

410 ohad the Magician (level 6, -3/38 HPs)
             Began as an Octopode Transmuter on June 7, 2019.
             Was an Initiate of Gozag.
             Killed from afar by Dowan (14 damage)
             ... with a shard of ice
             ... on level 4 of the Dungeon.
             The game lasted 00:11:03 (5014 turns).

ohad the Magician (Octopode Transmuter)             Turns: 5014, Time: 00:11:04

Health: -3/38      AC:  2    Str: 10    XL:     6   Next: 89%
Magic:  12/12      EV: 19    Int: 17    God:    Gozag
Gold:   374        SH:  0    Dex: 17    Spells: 3/13 levels left

rFire    . . .     SeeInvis +     - Unarmed
rCold    . . .     Gourm    .   (shield currently unavailable)
rNeg     . . .     Faith    .   (helmet currently unavailable)
rPois    x         Spirit   .   (no amulet)
rElec    .         Reflect  .   i - ring of see invisible
rCorr    .         Harm     .   (no ring)
MR       .....                  (no ring)
Stlth    +.........             (no ring)
HPRegen  0.12/turn              (no ring)
MPRegen  0.13/turn              (no ring)
                                (no ring)
                                (no ring)

@: confused, spider-form, gold aura, flying, hasted, very quick
A: tiny, almost no armour, stealthy swim, (amphibious), 8 rings, (constrict 8),
sense surroundings 1
a: End Transformation, Potion Petition, Call Merchant, Bribe Branch, Renounce
Religion


You were on level 4 of the Dungeon.
You worshipped Gozag.
Gozag was aware of your devotion.
You were not hungry.
You were a venomous arachnid creature.
You visited 1 branch of the dungeon, and saw 4 of its levels.

You collected 423 gold pieces.
You paid 49 gold pieces to Gozag.

Inventory:

Missiles
 a - 8 arrows
 k - a throwing net (quivered)
 m - 15 poisoned darts
Jewellery
 i - a ring of see invisible (left front leg)
Scrolls
 b - a scroll of identify {unknown}
 e - a scroll of blinking {unknown}
 j - a scroll of remove curse {unknown}
 l - a scroll of enchant armour {unknown}
 p - a scroll of fear {unknown}
 q - a scroll of teleportation {unknown}
Potions
 d - a potion of resistance {unknown}
 g - a potion of degeneration {unknown}
 h - 2 potions of curing
 n - a potion of lignification {unknown}
 o - a potion of heal wounds {unknown}
 r - 2 potions of magic {unknown}
Comestibles
 c - 4 rations


   Skills:
 - Level 1.0 Fighting
 - Level 2.0 Dodging
 - Level 3.0 Unarmed Combat
 + Level 4.2 Spellcasting
 - Level 4.0 Transmutations
 + Level 3.9 Ice Magic


You had 3 spell levels left.
You knew the following spells:

 Your Spells              Type           Power        Failure   Level  Hunger
a - Beastly Appendage     Tmut           ###...       11%         1    None
b - Sticks to Snakes      Tmut           ###.....     13%         2    ##.....
c - Spider Form           Tmut/Pois      ##........   41%         3    ###....
d - Ice Form              Ice/Tmut       ###.....     52%         4    ####...

Your spell library contained the following spells:

 Spells                   Type           Power        Failure   Level  Hunger
 Blade Hands              Tmut           ###.......   82%         5    ######.


Dungeon Overview and Level Annotations

Branches:
Dungeon (4/15)             Temple (0/1) D:4

Altars:
Gozag

Annotations:
D:4 Dowan


Innate Abilities, Weirdness & Mutations

You cannot wear most types of armour.
You are very stealthy in the water. (Stealth+)
((You are amphibious.))
You can wear up to eight rings at the same time.
((You can use your tentacles to constrict eight enemies at once.))
((Your skin changes colour to match your surroundings (Stealth+).))
((Your rubbery body absorbs attacks. (AC +1, EV +1)))
You passively map a small area around you.


Message History

* * * LOW HITPOINT WARNING * * *
Dowan misses you.
You hit Dowan.
Dowan is poisoned.
Dowan is lightly wounded.
You are no longer glowing.
Dowan drinks a potion.
Dowan is healed!
Dowan looks more healthy.
Unknown command.
Okay, then.
Okay, then.
Okay, then.
You are confused.
You feel invigorated. Dowan casts a spell at you. The stone arrow misses you.
Unknown command.
You barely miss Dowan. Dowan casts a spell at you. The shard of ice hits you!
You die...
Your body crumbles into a pile of gold.

,#########.##
#..
..........
#.#* *
*######.##
#.# #######.#
#.# #.......#
#.# #.#######
#.# #.# #$#
#.#
#s#######.#
#.e.......#
#########.#
#.# #.# #.#
#.# ###


You could see Dowan.

Vanquished Creatures
  Duvessa (D:4)
  2 orc wizards (D:3)
  An orc priest (D:4)
  A worker ant (D:4)
  A hound skeleton (D:4)
  6 adders
  An ooze (D:2)
  4 worms
  3 dart slugs
  2 leopard geckos
  8 orcs
  10 giant cockroaches
  14 goblins
  5 hobgoblins
  3 jackals (D:1)
  12 kobolds
  A quokka (D:2)
  A ball python (D:3)
  3 bats
  7 frilled lizards
  A leopard gecko skeleton (D:3)
  4 rats
91 creatures vanquished.

Vanquished Creatures (collateral kills)
  2 adders
2 creatures vanquished.

Vanquished Creatures (others)
  A plant (D:3)
1 creature vanquished.

Grand Total: 94 creatures vanquished

Notes
Turn   | Place    | Note
-------+----------+-------------------------------------------
     0 | D:1      | ohad the Octopode Transmuter began the quest for the Orb.
     0 | D:1      | Reached XP level 1. HP: 13/13 MP: 3/3
    69 | D:1      | Reached XP level 2. HP: 17/18 MP: 5/5
   149 | D:1      | Learned a level 2 spell: Sticks to Snakes
   293 | D:1      | Reached XP level 3. HP: 16/23 MP: 4/6
   974 | D:2      | Gained mutation: You passively map a small area around you.
                  | [potion of mutation]
  1154 | D:2      | Reached XP level 4. HP: 20/28 MP: 6/8
  1290 | D:2      | Learned a level 3 spell: Spider Form
  1546 | D:2      | You fall into a shaft and drop 1 floor!
  2173 | D:3      | Reached XP level 5. HP: 14/33 MP: 8/10
  2303 | D:3      | Learned a level 4 spell: Ice Form
  2719 | D:3      | Found an opulent altar of Gozag.
  2728 | D:3      | Became a worshipper of Gozag Ym Sagoz the Greedy
  3181 | D:2      | Reached skill level 1 in Ice Magic
  3837 | D:3      | Reached XP level 6. HP: 30/38 MP: 5/11
  4474 | D:4      | Found a staircase to the Ecumenical Temple.
  4984 | D:4      | Noticed Duvessa
  4984 | D:4      | Noticed Dowan
  5009 | D:4      | Killed Duvessa
  5014 | D:4      | Killed from afar by Dowan

Levels and vault maps discovered:
D:1:      dpeg_arrival_brainrot, layout_rooms
D:2:      minmay_general_purpose_star, layout_basic, first_ration
D:3:      layout_basic, serial_bayou, serial_bayou_pond_b, serial_bayou_lake_a,
          serial_bayou_pond_c, serial_bayou_ford_a,
          nicolae_gozag_cash_rules_everything_around_me
D:4:      minmay_clustersquares, layout_basic, minmay_temple_entry_large_hall,
          uniq_duvessa

Skill      XL: |  1  2  3  4  5  6 |
---------------+-------------------+-----
Transmutations | 3 4 |  4.0
Spellcasting   | 3 4 |  4.2
Ice Magic      | 2 3 |  3.9
Fighting       | |  1.0
Dodging        | |  2.0
Unarmed Combat | |  3.0

Action                   |  1- 3 |  4- 6 || total
-------------------------+-------+-------++-------
Melee: Unarmed           |    78 |   178 ||   256
       Constrict         |    13 |    28 ||    41
       Punch             |     1 |       ||     1
       Kick              |     7 |    10 ||    17
       Tentacles         |     6 |    14 ||    20
 Cast: Beastly Appendage |     9 |    12 ||    21
       Spider Form       |       |    15 ||    15
       Sticks to Snakes  |       |     4 ||     4
Invok: Potion Petition   |       |     1 ||     1
  Use: Potion            |     2 |     1 ||     3
 Stab: Sleeping          |     3 |    12 ||    15
  Eat: Chunk             |     1 |     5 ||     6
       Ration            |       |     3 ||     3
Armor: Skin              |     2 |    10 ||    12
Dodge: Dodged            |    57 |   118 ||   175

Table legend:
 A = Non-vault XP
 B = Vault XP
 C = Vault XP percentage of total XP
 D = Non-vault monster count
 E = Vault monster count
 F = Vault count percentage of total count
                 A         B        C        D         E       F
            +---------+---------+-------+---------+---------+-------
      Total |     411 |     176 |  30.0 |      82 |      11 |  11.8
            +---------+---------+-------+---------+---------+-------
        D:1 |      43 |       0 |   0.0 |      22 |       0 |   0.0
        D:2 |      76 |       8 |   9.5 |      20 |       3 |  13.0
        D:3 |     172 |      23 |  11.8 |      29 |       7 |  19.4
        D:4 |     120 |     145 |  54.7 |      11 |       1 |   8.3
            +---------+---------+-------+---------+---------+-------
